| TOP OF THE 1ST |
|
Williamsport Crosscutters batting - Pitching for Batavia Muckdogs : RHP Mike Shields
|
|
Pitching: RHP Mike Shields
|
|
|
Batting: RHB Xavier Castellanos
|
0-0: Called Strike 0-1: Ball 1-1: Ball 2-1: Ball 3-1: Base on Balls
|
|
Batting: RHB Jason Ostrom
|
0-0: Swinging Strike 0-1: Ball 1-1: DOUBLE (Flyball, 89XD, EV 105.0 MPH) Xavier Castellanos to third Runner from 3rd tries for Home, SAFE, throw by RF to home
|
|
Batting: RHB John Manocchio
|
0-0: Ground out 6-3 (Groundball, 6, EV 95.0 MPH)
|
|
Batting: LHB Chris Moody
|
0-0: Called Strike 0-1: Foul Ball, location: 2F 0-2: Foul Ball, location: 2F 0-2: Ball 1-2: Hit by Pitch
|
|
Batting: SHB Nick Chandler
|
0-0: Called Strike 0-1: Foul Ball, location: 2F 0-2: Foul Ball, location: 2F 0-2: Ball 1-2: Strikes out looking
|
|
Batting: RHB Shintaro Katsumata
|
0-0: Called Strike 0-1: Foul Ball, location: 2F 0-2: Foul Ball, location: 2F 0-2: Ball 1-2: Ball 2-2: Ball 3-2: Strikes out swinging
|
| Top of the 1st over - 1 run, 1 hit, 0 errors, 2 left on base; Williamsport 1 - Batavia 0 |
| BOTTOM OF THE 1ST |
|
Batavia Muckdogs batting - Pitching for Williamsport Crosscutters : RHP Bobby Mauk
|
|
Pitching: RHP Bobby Mauk
|
|
|
Batting: SHB Justin Corbett
|
0-0: Foul Ball, location: 2F 0-1: Called Strike 0-2: Foul Ball, location: 2F 0-2: Ball 1-2: Foul Ball, location: 2F 1-2: Ball 2-2: SINGLE (Groundball, 34D, EV 100.0 MPH)
|
|
Batting: RHB Reomel Somera
|
0-0: Ball 1-0: Swinging Strike 1-1: Swinging Strike 1-2: Ball 2-2: Strikes out swinging
|
|
Batting: LHB Danny Treto
|
0-0: Swinging Strike 0-1: Swinging Strike 0-2: Strikes out looking
|
|
Batting: RHB Justin Dunham
|
0-0: Ground out 5-3 (Groundball, 56S, EV 86.9 MPH)
|
| Bottom of the 1st over - 0 runs, 1 hit, 0 errors, 1 left on base; Williamsport 1 - Batavia 0 |
| TOP OF THE 2ND |
|
Williamsport Crosscutters batting - Pitching for Batavia Muckdogs : RHP Mike Shields
|
|
Batting: RHB Jose Nunez
|
0-0: Ball 1-0: Ball 2-0: Called Strike 2-1: Ball 3-1: Swinging Strike 3-2: Foul Ball, location: 2F 3-2: Ground out 4-3 (Groundball, 4, EV 90.0 MPH)
|
|
Batting: RHB Pete Deschamps
|
0-0: Foul Ball, location: 2F 0-1: Called Strike 0-2: Strikes out swinging
|
|
Batting: RHB Nick Cottrell
|
0-0: Ball 1-0: Foul Ball, location: 2F 1-1: Ball 2-1: Ball 3-1: Fly out, F7 (Flyball, 7, EV 85.6 MPH)
|
| Top of the 2nd over - 0 runs, 0 hits, 0 errors, 0 left on base; Williamsport 1 - Batavia 0 |
| BOTTOM OF THE 2ND |
|
Batavia Muckdogs batting - Pitching for Williamsport Crosscutters : RHP Bobby Mauk
|
|
Batting: SHB Greg Rivera
|
0-0: Called Strike 0-1: Ball 1-1: Foul Ball, location: 2F 1-2: Strikes out swinging
|
|
Batting: RHB Andy Kelly
|
0-0: Ball 1-0: Ball 2-0: Ball 3-0: Called Strike 3-1: Base on Balls
|
|
Batting: RHB Hiromitsu Yamada
|
0-0: Ball 1-0: Called Strike 1-1: SINGLE (Groundball, 5S, EV 70.6 MPH) (infield hit) Andy Kelly to second
|
|
Batting: RHB Jeremy Dennis
|
0-0: Ball Wild Pitch! Andy Kelly to third Hiromitsu Yamada to second 1-0: Fly out, F9 (Flyball, 9, EV 90.0 MPH) Runner from 3rd tags up, SCORES, throw by RF
|
|
Batting: RHB Calvin Morin
|
0-0: Called Strike 0-1: Ball 1-1: Foul Ball, location: 2F 1-2: Strikes out looking
|
| Bottom of the 2nd over - 1 run, 1 hit, 0 errors, 1 left on base; Williamsport 1 - Batavia 1 |
| TOP OF THE 3RD |
|
Williamsport Crosscutters batting - Pitching for Batavia Muckdogs : RHP Mike Shields
|
|
Batting: RHB Xavier Castellanos
|
0-0: Called Strike 0-1: Foul Ball, location: 2F 0-2: Ball 1-2: Foul Ball, location: 2F 1-2: SINGLE (Groundball, 4M, EV 110.6 MPH) (infield hit)
|
|
Batting: RHB Jason Ostrom
|
0-0: Foul Ball, location: 2F 0-1: Ball 1-1: Foul Ball, location: 2F 1-2: Ball 2-2: Ball 3-2: Fly out, F8 (Flyball, 8RM, EV 90.6 MPH)
|
|
Batting: RHB John Manocchio
|
0-0: Ball 1-0: Ball Xavier Castellanos is caught stealing 2nd base 2-4 2-0: Fly out, F9 (Flyball, 9S, EV 90.0 MPH)
|
| Top of the 3rd over - 0 runs, 1 hit, 0 errors, 0 left on base; Williamsport 1 - Batavia 1 |
| BOTTOM OF THE 3RD |
|
Batavia Muckdogs batting - Pitching for Williamsport Crosscutters : RHP Bobby Mauk
|
|
Batting: SHB Justin Corbett
|
0-0: Called Strike 0-1: SINGLE (Groundball, 34D, EV 101.9 MPH)
|
|
Batting: RHB Reomel Somera
|
0-0: Fly out, F9 (Flyball, 9S, EV 81.2 MPH)
|
|
Batting: LHB Danny Treto
|
0-0: SINGLE (Line Drive, 56D, EV 96.2 MPH) Justin Corbett to second
|
|
Batting: RHB Justin Dunham
|
0-0: Swinging Strike 0-1: Fly out, F7 (Flyball, 78S, EV 79.4 MPH)
|
|
Batting: SHB Greg Rivera
|
0-0: Ball 1-0: Ball 2-0: Called Strike 2-1: Called Strike 2-2: Strikes out looking
|
| Bottom of the 3rd over - 0 runs, 2 hits, 0 errors, 2 left on base; Williamsport 1 - Batavia 1 |
| TOP OF THE 4TH |
|
Williamsport Crosscutters batting - Pitching for Batavia Muckdogs : RHP Mike Shields
|
|
Batting: LHB Chris Moody
|
0-0: Swinging Strike 0-1: Called Strike 0-2: Ball 1-2: Fly out, F9 (Flyball, 89S, EV 90.6 MPH)
|
|
Batting: SHB Nick Chandler
|
0-0: Called Strike 0-1: Called Strike 0-2: Strikes out swinging
|
|
Batting: RHB Shintaro Katsumata
|
0-0: Called Strike 0-1: SINGLE (Groundball, 56S, EV 68.8 MPH) (infield hit)
|
|
Batting: RHB Jose Nunez
|
0-0: Foul Ball, location: 2F 0-1: Ball Wild Pitch! Shintaro Katsumata to second 1-1: Swinging Strike 1-2: Ball 2-2: Strikes out swinging
|
| Top of the 4th over - 0 runs, 1 hit, 0 errors, 1 left on base; Williamsport 1 - Batavia 1 |
| BOTTOM OF THE 4TH |
|
Batavia Muckdogs batting - Pitching for Williamsport Crosscutters : RHP Bobby Mauk
|
|
Batting: RHB Andy Kelly
|
0-0: Foul Ball, location: 2F 0-1: Ball 1-1: Foul Ball, location: 2F 1-2: Reached on error, E3 (Groundball, 34, EV 88.8 MPH)
|
|
Batting: RHB Hiromitsu Yamada
|
Pickoff Throw to First - Out! 1-3 CS 0-0: Called Strike 0-1: Ball 1-1: Reached on error, E6 (Groundball, 6, EV 103.8 MPH)
|
|
Batting: RHB Jeremy Dennis
|
0-0: Ball Hiromitsu Yamada steals 2nd base 1-0: Ground out 5-3 (Groundball, 5, EV 91.9 MPH)
|
|
Batting: RHB Calvin Morin
|
0-0: Ground out 5-3 (Groundball, 56, EV 84.4 MPH)
|
| Bottom of the 4th over - 0 runs, 0 hits, 2 errors, 1 left on base; Williamsport 1 - Batavia 1 |
| TOP OF THE 5TH |
|
Williamsport Crosscutters batting - Pitching for Batavia Muckdogs : RHP Mike Shields
|
|
Batting: RHB Pete Deschamps
|
0-0: Called Strike 0-1: Hit by Pitch
|
|
Batting: RHB Nick Cottrell
|
0-0: Ball 1-0: Ball 2-0: Ball 3-0: Called Strike 3-1: Grounds into double play, 3-6-3 (Groundball, 3, EV 101.9 MPH)
|
|
Batting: RHB Xavier Castellanos
|
0-0: Ground out U3 (Groundball, 3, EV 104.4 MPH)
|
| Top of the 5th over - 0 runs, 0 hits, 0 errors, 0 left on base; Williamsport 1 - Batavia 1 |
| BOTTOM OF THE 5TH |
|
Batavia Muckdogs batting - Pitching for Williamsport Crosscutters : RHP Bobby Mauk
|
|
Batting: SHB Justin Corbett
|
0-0: Ball 1-0: Ball 2-0: Called Strike 2-1: Called Strike 2-2: Strikes out swinging
|
|
Batting: RHB Reomel Somera
|
0-0: Swinging Strike 0-1: SINGLE (Groundball, 34D, EV 79.4 MPH) (infield hit)
|
|
Batting: LHB Danny Treto
|
0-0: Called Strike 0-1: Ball 1-1: Foul Ball, location: 2F 1-2: Foul Ball, location: 2F 1-2: Ball 2-2: Ball 3-2: Fly out, F9 (Flyball, 9D, EV 95.0 MPH)
|
|
Batting: RHB Justin Dunham
|
0-0: Ball Reomel Somera is caught stealing 2nd base 2-4
|
| Bottom of the 5th over - 0 runs, 1 hit, 0 errors, 0 left on base; Williamsport 1 - Batavia 1 |
| TOP OF THE 6TH |
|
Williamsport Crosscutters batting - Pitching for Batavia Muckdogs : RHP Mike Shields
|
|
Batting: RHB Jason Ostrom
|
0-0: Swinging Strike 0-1: Ball 1-1: Ground out 4-3 (Groundball, 4, EV 78.8 MPH)
|
|
Batting: RHB John Manocchio
|
0-0: Ball 1-0: Ball 2-0: Ball 3-0: Ground out 5-3 (Groundball, 5, EV 84.4 MPH)
|
|
Batting: LHB Chris Moody
|
0-0: Foul Ball, location: 2F 0-1: Ball 1-1: Ground out 1-3 (Groundball, 15S, EV 73.1 MPH)
|
| Top of the 6th over - 0 runs, 0 hits, 0 errors, 0 left on base; Williamsport 1 - Batavia 1 |
| BOTTOM OF THE 6TH |
|
Batavia Muckdogs batting - Pitching for Williamsport Crosscutters : RHP Bobby Mauk
|
|
Batting: RHB Justin Dunham
|
0-0: Foul Ball, location: 2F 0-1: Ball 1-1: SINGLE (Line Drive, 8LS, EV 94.4 MPH)
|
|
Batting: SHB Greg Rivera
|
0-0: Foul Ball, location: 2F 0-1: Foul Ball, location: 2F 0-2: Ball 1-2: Ball 2-2: Ball 3-2: Strikes out looking
|
|
Batting: RHB Andy Kelly
|
0-0: Ball 1-0: Swinging Strike 1-1: Swinging Strike 1-2: Foul Ball, location: 2F 1-2: Strikes out swinging
|
|
Batting: RHB Hiromitsu Yamada
|
0-0: Called Strike Justin Dunham steals 2nd base 0-1: Foul Ball, location: 2F 0-2: Ball 1-2: Foul Ball, location: 2F 1-2: Foul Ball, location: 2F 1-2: Ball 2-2: Ball 3-2: Base on Balls
|
|
Batting: RHB Jeremy Dennis
|
0-0: Foul Ball, location: 2F 0-1: Ball 1-1: Ball 2-1: Swinging Strike 2-2: Ball 3-2: Base on Balls Justin Dunham to third Hiromitsu Yamada to second
|
|
Pitching: RHP Si-dao Xia
|
|
|
Pinch Hitting: RHB Jim Fisher
|
0-0: SINGLE (Groundball, 6MD, EV 96.2 MPH) Justin Dunham scores Hiromitsu Yamada to third Jeremy Dennis to second Runner from 3rd tries for Home, SAFE, throw by CF to home
|
|
Batting: SHB Justin Corbett
|
0-0: Called Strike 0-1: Ball 1-1: Ball 2-1: Fly out, F6 (Popup, 6M, EV 58.8 MPH)
|
| Bottom of the 6th over - 2 runs, 2 hits, 0 errors, 2 left on base; Williamsport 1 - Batavia 3 |
| TOP OF THE 7TH |
|
Williamsport Crosscutters batting - Pitching for Batavia Muckdogs : RHP Mike Shields
|
|
Now in LF: Justin Layton
|
|
|
Now in CF: Hiromitsu Yamada
|
|
|
Batting: SHB Nick Chandler
|
0-0: Swinging Strike 0-1: Ball 1-1: Foul Ball, location: 2F 1-2: Foul Ball, location: 2F 1-2: Foul Ball, location: 2F 1-2: Ball 2-2: Foul Ball, location: 2F 2-2: TRIPLE (Line Drive, 8RXD, EV 103.1 MPH)
|
|
Batting: RHB Shintaro Katsumata
|
0-0: Foul Ball, location: 2F 0-1: Fly out, F7 (Line Drive, 7LM, EV 89.4 MPH) Runner from 3rd tags up, SCORES, no throw by LF
|
|
Batting: LHB Noel Young
|
0-0: Called Strike 0-1: Ball 1-1: Ball 2-1: SINGLE (Flyball, 9S, EV 90.0 MPH)
|
|
Pitching: RHP Alfonso Mier
|
|
|
Batting: RHB Pete Deschamps
|
0-0: Called Strike 0-1: Ball 1-1: Fly out, F2 (Popup, 2LF, EV 88.8 MPH)
|
|
Pinch Hitting: SHB Art Kent
|
0-0: Swinging Strike 0-1: Foul Ball, location: 2F 0-2: 2-RUN HOME RUN (Flyball, 89XD, EV 96.9 MPH), Distance : 389 ft
|
|
Batting: RHB Xavier Castellanos
|
0-0: Called Strike 0-1: Fly out, F4 (Line Drive, 4, EV 75.0 MPH)
|
| Top of the 7th over - 3 runs, 3 hits, 0 errors, 0 left on base; Williamsport 4 - Batavia 3 |
| BOTTOM OF THE 7TH |
|
Batavia Muckdogs batting - Pitching for Williamsport Crosscutters : RHP Si-dao Xia
|
|
Now at 2B: Shintaro Katsumata
|
|
|
Now at SS: John Parra
|
|
|
Batting: RHB Reomel Somera
|
0-0: Foul Ball, location: 2F 0-1: Called Strike 0-2: Ball 1-2: Foul Ball, location: 2F 1-2: Ball 2-2: Strikes out swinging
|
|
Batting: LHB Danny Treto
|
0-0: Swinging Strike 0-1: Ball 1-1: Ball 2-1: Foul Ball, location: 2F 2-2: Ball 3-2: Foul Ball, location: 2F 3-2: Foul Ball, location: 2F 3-2: Strikes out swinging
|
|
Batting: RHB Justin Dunham
|
0-0: Foul Ball, location: 2F 0-1: Ball 1-1: Ball 2-1: Fly out, F7 (Flyball, 7, EV 78.8 MPH)
|
| Bottom of the 7th over - 0 runs, 0 hits, 0 errors, 0 left on base; Williamsport 4 - Batavia 3 |
| TOP OF THE 8TH |
|
Williamsport Crosscutters batting - Pitching for Batavia Muckdogs : RHP Alfonso Mier
|
|
Batting: RHB Jason Ostrom
|
0-0: Foul Ball, location: 2F 0-1: Ball 1-1: Fly out, F9 (Flyball, 9, EV 92.5 MPH)
|
|
Batting: RHB John Manocchio
|
0-0: Foul Ball, location: 2F 0-1: Foul Ball, location: 2F 0-2: Ball 1-2: Strikes out swinging
|
|
Batting: LHB Chris Moody
|
0-0: Called Strike 0-1: Ball 1-1: Foul Ball, location: 2F 1-2: Foul Ball, location: 2F 1-2: Foul Ball, location: 2F 1-2: Ball 2-2: Strikes out swinging
|
| Top of the 8th over - 0 runs, 0 hits, 0 errors, 0 left on base; Williamsport 4 - Batavia 3 |
| BOTTOM OF THE 8TH |
|
Batavia Muckdogs batting - Pitching for Williamsport Crosscutters : RHP Si-dao Xia
|
|
Batting: SHB Greg Rivera
|
0-0: Ball 1-0: Called Strike 1-1: Ground out 6-3 (Groundball, 6, EV 83.8 MPH)
|
|
Batting: RHB Andy Kelly
|
0-0: Ball 1-0: Ball 2-0: Ball 3-0: Base on Balls
|
|
Pitching: RHP David Deon
|
|
|
Batting: RHB Hiromitsu Yamada
|
0-0: Called Strike 0-1: Called Strike 0-2: SINGLE (Groundball, 56, EV 105.6 MPH) Andy Kelly to second
|
|
Batting: RHB Jeremy Dennis
|
0-0: Ball 1-0: Foul Ball, location: 2F 1-1: Ball 2-1: Fly out, F7 (Flyball, 7LM, EV 91.9 MPH)
|
|
Batting: RHB Justin Layton
|
0-0: Swinging Strike 0-1: Called Strike 0-2: Fly out, F8 (Flyball, 8LD, EV 87.5 MPH)
|
| Bottom of the 8th over - 0 runs, 1 hit, 0 errors, 2 left on base; Williamsport 4 - Batavia 3 |
| TOP OF THE 9TH |
|
Williamsport Crosscutters batting - Pitching for Batavia Muckdogs : RHP Alfonso Mier
|
|
Batting: SHB Nick Chandler
|
0-0: Ball 1-0: Fly out, F7 (Flyball, 7S, EV 73.1 MPH)
|
|
Batting: RHB Shintaro Katsumata
|
0-0: Ball 1-0: Ball 2-0: Ball 3-0: Called Strike 3-1: Ground out 4-3 (Groundball, 4S, EV 67.5 MPH)
|
|
Batting: LHB Noel Young
|
0-0: Ball 1-0: Ball 2-0: Foul Ball, location: 2F 2-1: Foul Ball, location: 2F 2-2: DOUBLE (Groundball, 5L, EV 105.0 MPH)
|
|
Batting: RHB Pete Deschamps
|
0-0: Ball 1-0: Foul Ball, location: 2F 1-1: Ground out 4-3 (Groundball, 4S, EV 80.0 MPH)
|
| Top of the 9th over - 0 runs, 1 hit, 0 errors, 1 left on base; Williamsport 4 - Batavia 3 |
| BOTTOM OF THE 9TH |
|
Batavia Muckdogs batting - Pitching for Williamsport Crosscutters : RHP David Deon
|
|
Pitching: RHP Mike Schoening
|
|
|
Now at 1B: John Parra
|
|
|
Now at SS: Leon Edwards
|
|
|
Batting: SHB Justin Corbett
|
0-0: Called Strike 0-1: Swinging Strike 0-2: Foul Ball, location: 2F 0-2: Foul Ball, location: 2F 0-2: Strikes out swinging
|
|
Batting: RHB Reomel Somera
|
0-0: Ball 1-0: Swinging Strike 1-1: Foul Ball, location: 2F 1-2: Ball 2-2: Strikes out swinging
|
|
Batting: LHB Danny Treto
|
0-0: Ball 1-0: Foul Ball, location: 2F 1-1: Ball 2-1: Ball 3-1: Base on Balls
|
|
Batting: RHB Justin Dunham
|
0-0: Called Strike 0-1: Called Strike 0-2: Ball 1-2: Ball 2-2: Ground out 4-3 (Groundball, 4, EV 85.6 MPH)
|
| Bottom of the 9th over - 0 runs, 0 hits, 0 errors, 1 left on base; Williamsport 4 - Batavia 3 |
|